 Dungeon Crawl Stone Soup version 0.29.0-10-g45618ea6d2 (webtiles) character file.

Game seed: 11435448946915659439

21049 sanka the Brawler (level 12, -4/128 HPs)
             Began as a Troll Cinder Acolyte on Sept 1, 2022.
             Was an Elder of Okawaru.
             Slain by an efreet
             ... wielding a +1 scimitar of flaming
              (18 damage)
             ... on level 12 of the Dungeon.
             The game lasted 00:23:26 (12802 turns).

sanka the Brawler (Troll Cinder Acolyte)           Turns: 12802, Time: 00:23:27

Health: -4/128     AC:  9    Str: 31    XL:     12   Next: 50%
Magic:  0/23       EV: 10    Int: 10    God:    Okawaru [****..]
Gold:   770        SH:  0    Dex:  9    Spells: 13/13 levels left

rFire   . . .      SeeInvis .     - Unarmed
rCold   . . .      Faith    .   (no shield)
rNeg    . . .      Spirit   +   L - +0 troll leather armour
rPois   .          Reflect  .   C - +1 hat {Will+}
rElec   .          Harm     .   x - +0 cloak
rCorr   .          Rampage  .   (gloves unavailable)
Will    +....                   (boots unavailable)
Stlth   ++........              o - amulet of guardian spirit
HPRegen 1.91/turn               w - +6 ring of strength
MPRegen 0.18/turn               g - ring of magical power

@: heroic
A: large, unfitting armour, claws 3, regeneration 1, shaggy fur 1, tough skin 1
a: Renounce Religion, Heroism, Finesse


You were on level 12 of the Dungeon.
You worshipped Okawaru.
Okawaru was greatly pleased with you.
You visited 2 branches of the dungeon, and saw 13 of its levels.
You also visited: Bailey.

You collected 770 gold pieces.


Innate Abilities, Weirdness & Mutations

You are too large for most types of armour.
You have claws for hands.
Your natural rate of healing is unusually fast.
You are covered in fur. (AC +1)
You have tough skin. (AC +1)


   Skills:
 + Level 10.9(15.9) Fighting
 + Level 16.3(21.3) Unarmed Combat
 - Level 1.0 Spellcasting
 - Level 2.1 Fire Magic
 - Level 4.0 Invocations


You had 13 spell levels left.
You didn't know any spells.
Your spell library contained the following spells:

 Spells                   Type           Power      Damage    Failure   Level
 Foxfire                  Conj/Fire      8%         2x1d4     24%         1
 Scorch                   Fire           8%         2d5       24%         2
 Apportation              Tloc           0%         N/A       36%         1
 Magic Dart               Conj           0%         1d3       36%         1
 Shock                    Conj/Air       0%         1d3       36%         1
 Slow                     Hex            0%         N/A       36%         1
 Conjure Flame            Conj/Fire      2%         6-21      58%         3
 Inner Flame              Hex/Fire       2%         N/A       58%         3
 Confusing Touch          Hex            0%         N/A       75%         3
 Mephitic Cloud           Conj/Pois/Air  0%         N/A       75%         3
 Swiftness                Air            0%         N/A       75%         3
 Vampiric Draining        Necr           0%         2d6       75%         3
 Flame Wave               Conj/Fire      2%         2d4       94%         4
 Airstrike                Air            0%         2d(0-16)  98%         4
 Alistair's Intoxication  Tmut/Pois      0%         N/A       100%        5
 Borgnjor's Vile Clutch   Necr/Erth      0%         N/A       100%        5
 Eringya's Noxious Bog    Tmut/Pois      0%         N/A       100%        6
 Call Imp                 Summ           Unusable   N/A       N/A         2

Inventory:

Missiles
 z - a curare-tipped dart {=f}
Armour
 a - a +0 robe
 x - a +0 cloak (worn)
 C - a +1 hat of willpower (worn)
 L - a +0 troll leather armour (worn)
Magical Staves
 O - a staff of fire
Jewellery
 g - a ring of magical power (right claw)
 o - an amulet of guardian spirit (around neck)
 w - a +6 ring of strength (left claw)
 D - a ring of protection from fire
 G - a ring of see invisible
Wands
 c - a wand of mindburst (3)
 v - a wand of digging (1)
 M - a wand of quicksilver (5)
Scrolls
 b - 3 scrolls of enchant armour
 d - 12 scrolls of teleportation {@r4}
 i - 6 scrolls of poison {!r}
 k - 2 scrolls of amnesia
 q - 5 scrolls of blinking
 y - a scroll of silence {!r}
 B - 3 scrolls of noise {!r}
 H - a scroll of fog
 J - a scroll of magic mapping
 K - 2 scrolls of fear {unknown}
 N - a scroll of identify {@r1}
Potions
 e - 4 potions of mutation {unknown}
 f - 6 potions of attraction {unknown}
 h - 4 potions of flight {unknown}
 j - 2 potions of brilliance {unknown}
 l - 2 potions of invisibility {unknown}
 m - 5 potions of cancellation {unknown}
 n - 7 potions of haste {unknown}
 p - 6 potions of curing {@q1}
 r - 4 potions of heal wounds {unknown}
 s - 3 potions of resistance {unknown}
 t - 2 potions of lignification {unknown}
 u - 3 potions of berserk rage {unknown}
 A - 5 potions of might
 E - 8 potions of ambrosia
 F - 4 potions of magic {unknown}
 I - 8 potions of degeneration {!q}

Dungeon Overview and Level Annotations

Branches:
Dungeon (12/15)            Temple (1/1) D:4            Lair (0/5) D:9
    Orc (0/2) D:10         Bailey (visited)

Altars:
Ashenzari
Cheibriados
Dithmenos
Elyvilon
Fedhas
Gozag
Hepliaklqana
Kikubaaqudgha
Makhleb
Nemelex Xobeh
Okawaru
Qazlal
Ru
Sif Muna
Trog
Uskayaw
Vehumet
Wu Jian
Xom
Yredelemnul
Zin
The Shining One

Shops:
D:5 [   D:7 :   D:11 [

Annotations:
D:9 exclusion: downstairs
D:10 exclusion: downstairs

▒▒▒▒▒▒▒▒▒▒▒
▒..........
▒.......... ▒▒
▒.......... °▒
▒.........† ▒.
▒▒▒▒'▒▒▒▒▒▒▒'
▒▒R▒▒▒▒▒.........>..
▒..T{.▒▒............
▒▒▒▒▒.▒.............
▒...............
▒▒▒.............
▒..........?..
▒.............
▒▒.....▒▒▒▒▒▒▒
▒.....▒ ▒...J+.....▒


You could see an efreet.


Message History

Something hits you.
* * * LOW HITPOINT WARNING * * *
Use which ability? (? or * to list)
You gain the combat prowess of a mighty hero.
Something hits you!
* * * LOW HITPOINT WARNING * * *
Something hits you but does no damage.
You scratch the efreet but do no damage.
You scratch the efreet. You claw the efreet!
The efreet is heavily wounded.
Something hits you but does no damage. The efreet gestures at you.
The fireball explodes!
The fireball engulfs you!
* * * LOW HITPOINT WARNING * * *
The fireball engulfs the efreet.
The efreet completely resists.
You hear a shout!
You hear a shout!
You scratch the efreet.
The efreet is severely wounded.
Something hits you but does no damage.
Unknown command.
You scratch the efreet but do no damage.
The efreet is severely wounded.
Something hits you.
* * * LOW HITPOINT WARNING * * *
The efreet hits you with a +1 scimitar of flaming!!
You die...

Action                   |  1- 3 |  4- 6 |  7- 9 | 10-12 || total
-------------------------+-------+-------+-------+-------++-------
Melee: Unarmed           |   164 |    45 |   215 |   401 ||   825
       Punch             |     1 |       |     8 |    32 ||    41
Throw: Dart              |       |       |       |     1 ||     1
Invok: Fiery Armour      |       |     1 |     2 |       ||     3
       Heroism           |       |       |       |     9 ||     9
Evoke: Wand              |       |       |       |     3 ||     3
  Use: Potion            |       |       |     1 |     1 ||     2
       Scroll            |       |       |       |    11 ||    11
 Stab: Sleeping          |     1 |       |       |       ||     1
       Paralysed         |       |       |       |     2 ||     2
Armor: Robe              |    73 |    11 |    48 |   101 ||   233
       Troll leather arm |       |       |       |    55 ||    55
Dodge: Dodged            |    77 |    15 |    68 |   145 ||   305

Levels and vault maps discovered:
D:1:      onia_arrival_pentagram, layout_basic, nicolae_ecumenical_lake_church,
          chequers_decorated_corner, minmay_misc_feat_encased,
          nicolae_concentric_dashed_squares_mild
D:2:      layout_basic
D:3:      layout_rooms
D:4:      layout_rooms, kennysheep_mini, mainiacjoe_overflow_paths,
          minmay_temple_entry_gardened_gates, serial_bayou_pond_d
D:5:      layout_basic, fedhas_altar_fruit_tree, serial_shops, shop,
          uniq_eustachio, uniq_sigmund
D:6:      layout_loops_ring, serial_rivers, chequers_serial_rivers_micro_d,
          chequers_serial_rivers_micro_e, chequers_serial_rivers_micro_c,
          chequers_serial_rivers_small_b, chequers_serial_rivers_large_b,
          kennysheep_generic_room_14
D:7:      layout_basic, overflow_temple_1_default, minitemple, serial_shops,
          shop
D:8:      layout_basic, minmay_crystal_water, uniq_gastronok
D:9:      layout_layer_cave, minmay_lair_entry_lava, enter_bailey_2, uniq_pikel
D:10:     layout_loops_ring, erik_orc_1, minmay_fire_ice_demons, uniq_amaemon
D:11:     layout_gridville, serial_shops, nicolae_shop_crystal, special_room
          [special_room_bee]
D:12:     minmay_cornered_nines, layout_gridville,
          portal_ice_cave_entry_pillars_2, hangedman_decor_peaks_small,
          amethyst_killhole, uniq_fannar
Temple:   zaba_magenta_temple

Notes
Turn   | Place    | Note
-------+----------+-------------------------------------------
     0 | D:1      | sanka the Troll Cinder Acolyte began the quest for the Orb.
     0 | D:1      | Reached XP level 1. HP: 22/22 MP: 1/1
   169 | D:1      | Found a faded altar of an unknown god.
   236 | D:2      | Reached XP level 2. HP: 29/29 MP: 2/2
   475 | D:2      | Reached skill level 4 in Unarmed Combat
   920 | D:1      | Reached XP level 3. HP: 35/36 MP: 3/3
  1979 | D:3      | Reached skill level 5 in Unarmed Combat
  1979 | D:3      | Reached XP level 4. HP: 18/44 MP: 2/4
  2045 | D:4      | Noticed a phantom
  2056 | D:4      | Killed a phantom
  2057 | D:4      | Reached skill level 6 in Unarmed Combat
  2057 | D:4      | Reached XP level 5. HP: 40/50 MP: 5/5
  2229 | D:4      | Identified the +9 falchion of Midwinter {antimagic, Int+4}
  2282 | D:4      | Found a staircase to the Ecumenical Temple.
  2311 | D:4      | Found a bloodstained altar of Trog.
  2349 | Temple   | Entered the Ecumenical Temple
  2553 | D:4      | Found an opulent altar of Gozag.
  2604 | D:5      | Entered Level 5 of the Dungeon
  2604 | D:5      | Noticed an ice beast
  2620 | D:5      | Noticed a centaur
  2653 | D:5      | Noticed Eustachio
  2668 | D:4      | HP: 4/50 [orc/+2 morningstar of freezing (5)]
  2669 | D:4      | Killed Eustachio
  2670 | D:4      | Reached skill level 7 in Unarmed Combat
  2670 | D:4      | Reached XP level 6. HP: 3/59 MP: 1/6
  2824 | D:5      | Reached skill level 8 in Unarmed Combat
  2824 | D:5      | Reached XP level 7. HP: 66/66 MP: 7/7
  3191 | D:5      | Found Fofu's Armour Boutique.
  3291 | D:5      | Reached skill level 9 in Unarmed Combat
  3415 | D:5      | Identified a +0 robe of the Archmagi
  3415 | D:5      | Noticed Sigmund
  3420 | D:5      | Killed Sigmund
  3498 | D:5      | Reached XP level 8. HP: 69/74 MP: 8/8
  3574 | D:5      | Found a blossoming altar of Fedhas.
  3627 | D:6      | Reached skill level 10 in Unarmed Combat
  3979 | D:6      | Reached skill level 3 in Fighting
  4372 | D:7      | Found Daetokhliuko's Book Emporium.
  4407 | D:7      | Found a burning altar of Makhleb.
  4454 | D:7      | Reached skill level 4 in Fighting
  4539 | D:7      | Noticed a hornet
  4550 | D:7      | Paralysed by a hornet for 3 turns
  4556 | D:7      | Killed a hornet
  4557 | D:7      | Reached skill level 11 in Unarmed Combat
  4558 | D:7      | HP: 7/79 [kobold brigand/+0 dagger (2)]
  4669 | D:7      | Reached XP level 9. HP: 74/87 MP: 9/9
  4730 | D:7      | Reached skill level 5 in Fighting
  5059 | D:7      | Found a hide-covered altar of Uskayaw.
  5067 | D:7      | Found a hazy altar of Hepliaklqana.
  5068 | D:7      | Found an ancient bone altar of Kikubaaqudgha.
  5070 | D:7      | Found a sparkling altar of Nemelex Xobeh.
  5428 | D:8      | Noticed Gastronok
  5476 | D:8      | Killed Gastronok
  5477 | D:8      | Reached skill level 6 in Fighting
  5477 | D:8      | Reached skill level 12 in Unarmed Combat
  5660 | D:8      | Reached XP level 10. HP: 98/100 MP: 10/10
  5669 | D:8      | Reached skill level 7 in Fighting
  6002 | Temple   | Fell from the grace of Ignis
  6002 | Temple   | Became a worshipper of Warmaster Okawaru
  6238 | D:9      | Noticed a cyan ugly thing
  6241 | D:9      | Noticed a fire dragon
  6246 | D:9      | Noticed Pikel
  6252 | D:9      | Killed a cyan ugly thing
  6263 | D:9      | Killed Pikel
  6263 | D:9      | Reached * piety under Okawaru
  6264 | D:9      | Reached skill level 13 in Unarmed Combat
  6451 | D:9      | Found a staircase to the Lair.
  6478 | D:9      | Found a flagged portal.
  6489 | Bailey   | Entered a bailey
  6581 | Bailey   | Reached skill level 8 in Fighting
  6581 | Bailey   | Reached skill level 14 in Unarmed Combat
  6581 | Bailey   | Reached skill level 4 in Invocations
  6581 | Bailey   | Reached XP level 11. HP: 109/109 MP: 13/13
  9100 | D:8      | Reached skill level 9 in Fighting
  9911 | D:10     | Entered Level 10 of the Dungeon
  9993 | D:10     | Noticed a boulder beetle
 10007 | D:10     | Killed a boulder beetle
 10337 | D:10     | Reached skill level 15 in Unarmed Combat
 10398 | D:10     | Noticed Amaemon
 10407 | D:10     | Killed Amaemon
 10591 | D:10     | Noticed a two-headed ogre
 10598 | D:10     | Killed a two-headed ogre
 10598 | D:10     | Reached ** piety under Okawaru
 10604 | D:10     | Was forgiven by Ignis
 10796 | D:10     | Found a staircase to the Orcish Mines.
 11200 | D:10     | Noticed a two-headed ogre
 11206 | D:10     | Killed a two-headed ogre
 11407 | D:9      | Found a staircase to the Lair.
 11420 | D:9      | Killed a fire dragon
 11421 | D:9      | Reached skill level 10 in Fighting
 11421 | D:9      | Reached XP level 12. HP: 109/126 MP: 14/14
 11492 | D:11     | Noticed a boulder beetle
 11597 | D:11     | Noticed a boulder beetle
 11612 | D:11     | Killed a boulder beetle
 11732 | D:11     | Found Unigaol's Armour Shop.
 12108 | D:11     | Reached *** piety under Okawaru
 12223 | D:11     | Killed a boulder beetle
 12224 | D:11     | Reached skill level 16 in Unarmed Combat
 12690 | D:12     | Noticed a boulder beetle
 12706 | D:12     | Killed a boulder beetle
 12706 | D:12     | Reached **** piety under Okawaru
 12802 | D:12     | Slain by an efreet

Vanquished Creatures
  Gastronok (D:8)
  A fire dragon (D:9)
  4 boulder beetles
  2 two-headed ogres (D:10)
  Amaemon (D:10)
  Pikel (D:9)
  An ugly thing (D:9)
  A manticore (D:11)
  An orange demon (D:10)
  A gargoyle (D:11)
  A komodo dragon (D:11)
  An unseen horror (D:10)
  A queen bee (D:11)
  2 hornets
  A troll (D:11)
  Sigmund (D:5)
  2 shadows
  A wyvern (D:11)
  2 wraiths
  Eustachio (D:4)
  19 fire elementals
  2 steam dragons
  3 vampire mosquitoes (D:12)
  An acid dragon (D:10)
  A water moccasin (D:8)
  A swamp drake (D:10)
  5 orc warriors
  2 sky beasts (D:7)
  A black bear (D:7)
  An ice beast (D:5)
  2 centaurs
  3 phantoms
  2 kobold brigands
  A necrophage (D:7)
  2 bullfrogs (D:7)
  4 wights (D:7)
  23 killer bees (D:11)
  An electric eel (D:8)
  11 howler monkeys
  A crimson imp (D:10)
  4 hounds
  5 jellies
  9 orc priests
  5 iguanas
  13 orc wizards
  11 gnolls
  4 adders
  3 white imps
  An ufetubus (D:5)
  4 dart slugs
  51 orcs
  9 ball pythons
  4 bats
  6 endoplasms
  A giant cockroach (D:1)
  6 goblins
  2 hobgoblins
  7 jackals
  2 quokkas
  9 frilled lizards
  19 kobolds
  3 rats
291 creatures vanquished.

Vanquished Creatures (others)
  An ogre (D:10)
  3 plants (D:4)
4 creatures vanquished.

Grand Total: 295 creatures vanquished
